roguehack, chaotic male elven Rogue --- ---- -..--- |..| ----- --- --......---<.-- --...-- ----.--- ----.........|..@.--- |.....- ---- |......----.|...... .....u...| --.....--..| --- |..--...||.......... -.......-------- ---.........| -..| ------.--|...---................||...|--..........-- |...| |.| --..| ---..%...........--...|.......^....| ---...-- ---- |.| --- ---)%...........|...|.|....- -.....-- |......| --..| |.| |....)..).^.....|.--|.|...----......--------------.--...| |...| |.| --.............|..>| |...................................| |-.-- |.-- |..............--.--- |.|..-----...............--..------.--|..-- |...| ---.--...--.....)%.)| |.|.--- |....................---- -...|...| ---.---.^.---...........-- |.--..| |.......................--..-.--..-- |.....................| |.....| --.................................| --....---.............| --....------..--..|..................--.-.-| --...| --.....--...--- --.....------------.................||....| |...| --.... -.-- ---.....| |.....^.........-- ---.-- ----- |..^- --- |...--- --..|.-----....-- --- --.-- --.-- ----- -.--- --- - roguehack the Rogue Experience level: 8 Strength: 13 Dexterity: 17 Constitution: 16 Intelligence: 10 Wisdom: 10 Charisma: 12 Health: 0(61) Energy: 41(41) Def: 14 Gold: 0 Moves: 7080 Dungeon seed: RGLhYvxBXwa17g2F Game ID: roguehack_1462882821 Your Inventory: Weapons a - an uncursed +0 elven dagger named Biter (weapon in hand) K - 8 uncursed +0 elven daggers (in quiver) Armor n - an uncursed +0 elven shield (being worn) z - an uncursed +0 cloak of protection (being worn) D - an uncursed +0 pair of iron shoes (being worn) N - an uncursed +1 dwarvish iron helm (being worn) Q - an uncursed +0 dwarvish mithril-coat (being worn) Wands u - an uncursed wand of sleep (0:1) Tools f - an uncursed leash g - an uncursed blindfold k - an uncursed lock pick m - an uncursed skeleton key q - an uncursed +0 unicorn horn B - an uncursed bag of holding T - an uncursed leather drum Gems t - an uncursed jet stone y - 4 uncursed worthless pieces of blue glass I - an uncursed worthless piece of green glass Y - 3 uncursed worthless pieces of violet glass Contents of the bag of holding: 769 gold pieces 11 uncursed +0 arrows a blessed +1 dagger 6 uncursed +0 daggers 3 cursed +0 daggers 39 uncursed +0 darts an uncursed +1 dwarvish cloak an uncursed +1 dwarvish cloak an uncursed +0 dwarvish cloak an uncursed +0 dwarvish cloak an uncursed +0 dwarvish cloak a cursed +0 dwarvish iron helm an uncursed cram ration 2 uncursed eggs an uncursed eucalyptus leaf 2 uncursed food rations an uncursed partly eaten food ration an uncursed fortune cookie 6 uncursed lembas wafers 2 uncursed lizard corpses an uncursed sprig of wolfsbane an uncursed tin of newt meat an uncursed tin of spinach an uncursed tripe ration an uncursed scroll of create monster an uncursed scroll of identify 2 uncursed scrolls of scare monster an uncursed potion of object detection a cursed potion of sleeping an uncursed ring of fire resistance an uncursed +0 pick-axe 7 cursed wax candles (0:400) Spells and supernatural/magical abilities: Name Level Category Fail Memory W - pray for help -- divine ? -- Your skills at the end: Miscellaneous Skills wands [Basic] Weapon Skills dagger [Expert] short sword [Basic] Spellcasting Skills Final Attributes: You were piously aligned. You were fire resistant. You were sleep resistant. You were poison resistant. You had infravision. You were stealthy. You were protected. You are dead. Vanquished creatures: a ghost a dwarf king a giant beetle a lynx 3 lizards an orc-captain 3 gnome kings a dwarf mummy an ogre a gold golem a werewolf 2 dingos a jaguar a white unicorn a raven 2 gnome mummies 3 apes 2 fire ants a bugbear a baby crocodile a wood nymph 7 Uruk-hai a rock mole 3 rock piercers a yellow light 9 gnome lords 2 gnomish wizards a kobold mummy a red naga hatchling a guardian naga hatchling 3 gray oozes a ghoul a straw golem a little dog a kitten 8 dwarves a kobold lord 2 kobold shamans an iguana 7 hill orcs a rothe 4 coyotes 2 gas spores 2 hobbits a hobgoblin a giant rat 6 cave spiders a brown mold 3 yellow molds a red mold 24 gnomes 3 garter snakes 6 manes a gnome zombie 4 jackals 4 newts 3 goblins 3 sewer rats 2 grid bugs 4 lichens 2 kobold zombies 160 creatures vanquished. Voluntary challenges: You used a wielded weapon 233 times, starting on turn 1. You read items or engraved 14 times, starting on turn 2094. You never genocided any monsters. You never polymorphed an object. You never changed form. You used no wishes. You never split a pudding. You wrote Elbereth's name 12 times, starting on turn 2146. You never violated your personal moral code. Dungeon overview: The Dungeons of Doom: levels 1 to 5 Level 1 a fountain, a sink a long staircase Level 2 (vault) Level 3 some fountains stairs to The Gnomish Mines Level 4 Level 5 The Gnomish Mines: levels 4 to 8 Level 4 <- You were here stairs to The Dungeons of Doom Level 5 Level 6 (stash) Level 7 many shops, a temple to Issek, a magic chest, some fountains Level 8 History has recorded: On T:1 you entered the Dungeons of Doom to retrieve the Amulet of Yendor! On T:305 you reached level 2 of The Dungeons of Doom. On T:318 you reached level 3 of The Dungeons of Doom. On T:492 you advanced to experience level 2. On T:1017 you reached level 1 of The Gnomish Mines. On T:1025 you advanced to experience level 3. On T:1079 you advanced to experience level 4. On T:1204 you reached level 3 of The Gnomish Mines. On T:1226 you advanced to experience level 5. On T:1592 you reached level 2 of The Gnomish Mines. On T:1622 you reached level 4 of The Gnomish Mines. On T:1904 you advanced to experience level 6. On T:3471 you advanced to experience level 7. On T:3550 you entered the Minetown temple On T:3578 you opened a magic chest. On T:3960 you opened a magic chest. On T:4420 you reached level 5 of The Gnomish Mines. On T:4526 you opened a magic chest. On T:4528 you opened a magic chest. On T:4661 you opened a magic chest. On T:4743 you opened a magic chest. On T:4760 you opened a magic chest. On T:4870 you opened a magic chest. On T:4871 you opened a magic chest. On T:4935 you opened a magic chest. On T:4936 you opened a magic chest. On T:4936 you opened a magic chest. On T:5004 you opened a magic chest. On T:5004 you opened a magic chest. On T:5005 you opened a magic chest. On T:5006 you opened a magic chest. On T:5024 you opened a magic chest. On T:5330 you opened a magic chest. On T:5443 you advanced to experience level 8. On T:6860 you reached level 4 of The Dungeons of Doom. On T:6881 you reached level 5 of The Dungeons of Doom. Score breakdown: Gold: 769 ( 76 points) Experience: 8 levels ( 700 points) Exploration: 8 levels ( 210 points) Discoveries: 8 items ( 400 points) Variety of kills: 61 monsters ( 2000 points) Major goal: reached Minetown ( 500 points) Survival: died (score multiplied by 3) Total score: 11658 Latest messages: You cannot stash something you are wearing. You put a hooded cloak into the bag called holding. (2x) You cannot stash something you are wearing. You put a hard hat into the bag called holding. You put a food ration into the bag called holding. You put a tripe ration into the bag called holding. You put a cram ration into the bag called holding. You put a partly eaten food ration into the bag called holding. You put 2 uncursed lizard corpses into the bag called holding. You put 2 eggs into the bag called holding. You put a scroll called foobie (earth?) into the bag called holding. You put a dark green potion into the bag called holding. Your movements are now unencumbered. You stab the white unicorn. The white unicorn butts! The white unicorn misses. The white unicorn butts! You die... Final status: Goodbye roguehack the Rogue, killed by a white unicorn... You died in The Gnomish Mines on dungeon level 4 with 11658 points, and 769 pieces of gold, after 7080 moves. You were level 8 with a maximum of 61 hit points when you died.